 Dungeon Crawl Stone Soup version 0.18.1-48-g4cf74bf (webtiles) character file.

227 Qew7 the Insei (level 5, 0/42 HPs)
             Began as a Demonspawn Monk on Sept 12, 2016.
             Slain by Grinder (4 damage)
             ... on level 4 of the Dungeon.
             The game lasted 00:10:55 (2876 turns).

Qew7 the Insei (Demonspawn Monk)                    Turns: 2876, Time: 00:10:56

Health: 0/42       AC: 10    Str: 12    XL:     5   Next: 70%
Magic:  14/14      EV:  6    Int: 12    God:
Gold:   107        SH:  0    Dex: 15    Spells: 0 memorised, 4 levels left

rFire  . . .     SeeInvis .       - Unarmed
rCold  . . .     Gourm    .     n - +0 chain mail
rNeg   . . .     Faith    .     (no shield)
rPois  .         Spirit   .     (no helmet)
rElec  .         Dismiss  .     c - +0 cloak
rCorr  .         Reflect  .     (no gloves)
SustAt .         Harm     .     p - +0 pair of boots
MR     .....                    (no amulet)
Stlth  ..........               (no ring)
                                l - ring of magical power

@: not resistant to hostile enchantments, extremely unstealthy
A: nightstalker 1, spiny 1
a: no special abilities


You were on level 4 of the Dungeon.
You were not hungry.

You visited 1 branch of the dungeon, and saw 4 of its levels.

You collected 107 gold pieces.

Inventory:

Hand Weapons
 i - a +1 dagger of electrocution
Armour
 a - a +0 robe
 c - a +0 cloak (worn)
 h - a +0 ring mail
 n - a +0 chain mail (worn)
 p - a +0 pair of boots (worn)
Jewellery
 l - a ring of magical power (left hand)
Scrolls
 g - 5 scrolls of remove curse
 k - 2 scrolls of identify
 m - 4 scrolls of teleportation
 o - a scroll of enchant armour {unknown}
Potions
 e - 2 potions of berserk rage
 j - a potion of cure mutation
 s - a potion of flight
 u - a potion of brilliance {unknown}
Books
 t - a book of Geomancy

   Spells                             Type                      Level
   a - Sandblast                      Earth                        1
   b - Passwall                       Transmutation/Earth          2
   c - Stone Arrow                    Conjuration/Earth            3
   d - Petrify                        Transmutation/Earth          4
   e - Lee's Rapid Deconstruction     Earth                        5
Comestibles
 b - 3 bread rations
 d - a meat ration
 f - 2 fruits
 q - 2 beef jerkies
 r - 2 slices of pizza


   Skills:
 + Level 3.8 Fighting
 + Level 1.5 Armour
 + Level 3.8 Dodging
 + Level 2.0 Stealth
 + Level 4.9 Unarmed Combat


You had 4 spell levels left.
You didn't know any spells.

Dungeon Overview and Level Annotations

Branches:
Dungeon (4/15)
 Temple: D:4-7

Altars:
Kikubaaqudgha
Sif Muna

Annotations:
D:4 Grinder


Innate Abilities, Weirdness & Mutations

You are slightly more attuned to the shadows.
You are partially covered in sharp spines.


Message History

* * * LOW HITPOINT WARNING * * *
Grinder blinks!
You barely miss Grinder.
Grinder is almost dead.
Grinder gestures at you.
You suddenly lose the ability to move!
Grinder hits you but does no damage.
Grinder blinks!
Grinder blinks!
Grinder gestures at you. You resist with significant effort.
You can move again.
Grinder blinks!
Your chain mail prevents you from hitting Grinder.
Grinder is almost dead.
Grinder completely misses you.
You closely miss Grinder.
Grinder is almost dead.
Grinder hits you.
You die...

.#...####'### #.##...#.###.......
.....# #...# ##.###.###.#...#####
.#...###...###...##..........####
...5..##≈≈≈##..#.............)...
##...###.>§##....#...<.......####
.#..#########.#.§...........##
.5......##..#.#.<.#........##
.#..###.##..#.#....>......#####
....###.##..#.#.@5..............
........##...............####.##
.#.####§####.....#..).#### .#..
#..............## .##.#
#.####.....#.### .##.# #.#
#..#.##.# .##.# #.# #..#.##.#
.##.# #.# #..#.##.# .##.###.#
#..#.##..


You could see Grinder.

Vanquished Creatures
  An ogre (D:4)
  An orc wizard (D:4)
  A worker ant (D:4)
  An adder (D:3)
  4 worms
  3 giant geckos (D:3)
  2 orcs (D:3)
  8 bats
  6 giant cockroaches
  6 goblins
  9 hobgoblins
  4 jackals
  A quokka (D:3)
  5 giant newts
  7 kobolds
  5 rats
64 creatures vanquished.

Notes
Turn   | Place    | Note
--------------------------------------------------------------
     0 | D:1      | Qew7 the Demonspawn Monk began the quest for the Orb.
     0 | D:1      | Reached XP level 1. HP: 18/18 MP: 1/1
   348 | D:1      | Gained mutation: You are partially covered in sharp spines. [demonic ancestry]
   348 | D:1      | Reached XP level 2. HP: 10/24 MP: 2/2
   535 | D:1      | Reached skill level 4 in Unarmed Combat
  1014 | D:2      | Gained mutation: You are slightly more attuned to the shadows. [demonic ancestry]
  1014 | D:2      | Reached XP level 3. HP: 17/29 MP: 3/3
  1687 | D:3      | Reached XP level 4. HP: 35/35 MP: 4/4
  2379 | D:4      | Found a deep blue altar of Sif Muna.
  2519 | D:4      | Reached skill level 1 in Armour
  2519 | D:4      | Reached XP level 5. HP: 37/41 MP: 5/5
  2533 | D:4      | Noticed an ogre
  2539 | D:4      | Killed an ogre
  2747 | D:4      | Found an ancient bone altar of Kikubaaqudgha.
  2777 | D:4      | Noticed Grinder
  2821 | D:4      | HP: 2/42 [Grinder (2)]
  2859 | D:4      | HP: 2/42 [Grinder/nerve-wracking pain (5)]
  2865 | D:4      | Paralysed by Grinder for 7 turns
  2876 | D:4      | Slain by Grinder

Skill      XL: |  1  2  3  4  5 |
---------------+----------------+-----
Unarmed Combat | 4 |  4.9
Dodging        | 3 |  3.8
Armour         | 1 |  1.5
Stealth        | 2 |  2.0
Fighting       | |  3.8

Action                   |  1- 3 |  4- 6 || total
-------------------------+-------+-------++-------
Melee: Unarmed           |    82 |    64 ||   146
  Use: Scroll            |     5 |       ||     5
       Potion            |     2 |       ||     2
  Eat: Fruit             |     2 |       ||     2
       Meat ration       |     1 |       ||     1
Armor: Robe              |     5 |       ||     5
       Ring mail         |     8 |       ||     8
       Chain mail        |    11 |    23 ||    34
Dodge: Dodged            |    41 |     7 ||    48
